 Dungeon Crawl Stone Soup version 0.29-a0-40-g8eb35efe60 (webtiles) character file.

Game seed: 9956820017255525853

1 robertstho the Sneak (level 1, -6/22 HPs)
             Began as a Troll Delver on Feb 1, 2022.
             Mangled by Ijyb the wyvern (17 damage)
             ... on level 4 of the Dungeon.
             The game lasted 00:01:02 (201 turns).

robertstho the Sneak (Troll Delver)                  Turns: 201, Time: 00:01:03

Health: -6/22      AC:  4    Str: 19    XL:     1   Next: 16%
Magic:  0/0        EV:  9    Int:  6    God:
Gold:   25         SH:  0    Dex: 11    Spells: 0/0 levels left

rFire   . . .      SeeInvis .     - Unarmed
rCold   . . .      Faith    .   (no shield)
rNeg    . . .      Spirit   .   a - +0 robe
rPois   .          Reflect  .   (helmet restricted)
rElec   .          Harm     .   (no cloak)
rCorr   .          Rampage  .   (gloves unavailable)
Will    .....                   (boots unavailable)
Stlth   ++........              (no amulet)
HPRegen 0.87/turn               (no ring)
MPRegen 0.07/turn               (no ring)

@: flying
A: large, unfitting armour, claws 3, regeneration 1, shaggy fur 1, tough skin 1
a: no special abilities


You were on level 4 of the Dungeon.
You visited 1 branch of the dungeon, and saw 2 of its levels.

You collected 25 gold pieces.

Inventory:

Armour
 a - a +0 robe (worn)
Wands
 e - a wand of polymorph (10)
 f - a wand of digging (3)
Scrolls
 b - a scroll of fog
 c - a scroll of vulnerability {unknown}
 d - a scroll of fear
 g - a scroll of noise {unknown}


   Skills:
 * Level 2.4 Fighting
 + Level 1.5 Dodging
 + Level 2.8 Stealth
 * Level 2.0 Unarmed Combat


You couldn't memorise any spells.
You didn't know any spells.
Your spell library was empty.

Dungeon Overview and Level Annotations

Branches:
Dungeon (5/15)
 Temple: D:4-7

Altars:

Annotations:
D:4 Ijyb
D:5 Eustachio


Innate Abilities, Weirdness & Mutations

You are too large for most types of armour.
You have claws for hands.
Your natural rate of healing is unusually fast.
You are covered in fur. (AC +1)
You have tough skin. (AC +1)


Message History

There is a stone staircase leading up here.
The bullfrog skeleton hits you but does no damage.
You climb upwards.
The hobgoblin shouts!
Found a scroll labelled CIYSOGR VEHINT and a leather armour.
There is a stone staircase leading down here.
You feel yourself slow down.
g - a scroll labelled CIYSOGR VEHINT A hobgoblin is nearby!
You claw the hobgoblin!
You kill the hobgoblin!
No target in view!
No target in view!
h - a bubbling ruby potion
Found a kite shield.
Ijyb the Twisted Goblin comes into view.
She is wielding a +0 dagger and carrying a wand of mindburst (12).
Ijyb zaps a wand.
You barely resist.
Aiming: Polymorph
Press: ? - help, Shift-Dir - straight line, f - Ijyb
Aim: Ijyb, wielding a +0 dagger, wearing a +0 scale mail and carrying a wand of mindburst (11) (will become a wyvern, a kobold, or a howler monkey, chance to affect: 57%) Ijyb resists with significant effort.
Aiming: Polymorph
Press: ? - help, Shift-Dir - straight line, f/p - Ijyb
Aim: Ijyb, wielding a +0 dagger, wearing a +0 scale mail and carrying a wand of mindburst (11) (will become a wyvern, a kobold, or a howler monkey, chance to affect: 57%) Ijyb evaporates and reforms as a wyvern!
A giant cockroach comes into view.
It was a potion of flight.
You feel very buoyant.
You fly up into the air.
You scratch Ijyb.
Ijyb is lightly wounded.
Ijyb bites you!
You scratch Ijyb but do no damage.
Ijyb is lightly wounded.
Ijyb closely misses you. Ijyb bites you.
You barely miss Ijyb.
Ijyb is lightly wounded.
Ijyb bites you!
Ouch! That really hurt!
You die...

############## .............#
.###########.# .# #.# .# #.#
######### .# #.# #........
.######### #.# #........
.........###.########........
................@l......[..).
..###.##.############........
#.##.....# #........
#.##....## #........
#.##....# #........ #.##....#
###'##### ......... .B
........ ... ........


You could see Ijyb the wyvern.

Vanquished Creatures
  A hobgoblin (D:4)
1 creature vanquished.

Notes
Turn   | Place    | Note
-------+----------+-------------------------------------------
     0 | D:5      | robertstho the Troll Delver began the quest for the Orb.
     0 | D:5      | Reached XP level 1. HP: 22/22 MP: 0/0
    72 | D:5      | Noticed a water moccasin
    86 | D:5      | Noticed a jelly
    89 | D:5      | Noticed Eustachio
   190 | D:4      | Noticed Ijyb
   192 | D:4      | Noticed Ijyb
   192 | D:4      | Ijyb changed into Ijyb the wyvern
   201 | D:4      | Mangled by Ijyb the wyvern

Illustrated notes

Levels and vault maps discovered:
D:4:      layout_basic, minmay_temple_entry_wispy,
          minmay_a_box_with_orc_wizards_in_it, uniq_blork_the_orc, uniq_sigmund,
          uniq_ijyb
D:5:      layout_layer_cave, uniq_eustachio

Action                   || total
-------------------------++-------
Melee: Unarmed           ||     9
Evoke: Wand              ||     2
  Use: Potion            ||     2
       Scroll            ||     1
Armor: Robe              ||     2
Dodge: Dodged            ||     7

Table legend: (Time is in decaauts)
 A = Elapsed time spent in this place.
 B = Non-inter-level travel time spent in this place.
 C = Inter-level travel time spent in this place.
 D = Time resting spent in this place.
 E = Time spent auto-exploring this place.
 F = Levels seen in this place.
 G = Mean time per level.
                   A        B        C        D        E       F      G
               +--------+--------+--------+--------+--------+-----+--------+
         Total |    181 |    173 |      8 |      0 |    105 |   2 |   90.5 |
       Dungeon |    181 |    173 |      8 |      0 |    105 |   2 |   90.5 |
               +--------+--------+--------+--------+--------+-----+--------+

Top non-repeatable levels by time:
     D:5: 118 daAuts
     D:4: 63 daAuts
